 Dungeon Crawl Stone Soup version 0.15.0-12-gccce430 (webtiles) character file.

104 Kashira the Sneak (level 4, -1/36 HPs)
             Began as a Naga Enchanter on Sept 2, 2014.
             Killed by divine providence
             ... invoked by an orc priest
              (10 damage)
             ... on Level 3 of the Dungeon.
             The game lasted 00:09:25 (2229 turns).

Kashira the Sneak (Naga Enchanter)                  Turns: 2229, Time: 00:09:25

HP  -1/36        AC  3     Str 10      XL: 4   Next: 80%
MP   3/8         EV  9     Int 15      God:
Gold 110         SH  3     Dex 13      Spells:  3 memorised,  1 level left

rFire  . . .     SeeInvis +     h - +0 mace
rCold  . . .     Clarity  .     b - +1 robe
rNeg   . . .     rCorr    .     g - +0 buckler
rPois  +         rRot     .     (no helmet)
rElec  .         Spirit   .     (no cloak)
SustAb .         Warding  .     (no gloves)
rMut   .         Stasis   .     (no barding)
Gourm  .                        (no amulet)
MR     .....                    (no ring)
                                (no ring)

@: very slow, not resistant to hostile enchantments, fairly stealthy
A: spit poison, see invisible, deformed body, poison resistance, slowness 2, AC
+1
a: Spit Poison


You were on level 3 of the Dungeon.
You were not hungry.

You visited 1 branch of the dungeon, and saw 3 of its levels.

You collected 110 gold pieces.

Inventory:

Hand weapons
 a - a +1 dagger
 h - a +0 mace (weapon)
Armour
 b - a +1 robe (worn)
 g - a +0 buckler (worn)
Comestibles
 d - 2 bread rations
 k - a beef jerky
 l - a royal jelly
 n - 8 fruits
Scrolls
 f - a scroll of teleportation {unknown}
 p - a scroll of fear {unknown}
 q - 2 scrolls of identify {unknown}
 u - a scroll of remove curse {unknown}
Potions
 e - a potion of resistance {unknown}
 i - a potion of invisibility {unknown}
 j - a potion of agility {unknown}
 m - 2 potions of cancellation {unknown}
 o - a potion of degeneration {unknown}
 s - a potion of heal wounds {unknown}
 t - a potion of curing {unknown}
Books
 c - a book of Maledictions

   Spells                             Type                      Level
   *Corona                            Hexes                        1
   Sure Blade                         Hexes/Charms                 2
   Ensorcelled Hibernation            Hexes/Ice                    2
   *Confuse                           Hexes                        3
   *Dazzling Spray                    Conjuration/Hexes            3
   Enslavement                        Hexes                        4


   Skills:
 + Level 1.3 Short Blades
 + Level 0.6 Maces & Flails
 + Level 2.3 Dodging
 - Level 4.8 Stealth
 + Level 2.7 Spellcasting
 + Level 0.2 Conjurations
 + Level 3.8 Hexes


You had one spell level left.
You knew the following spells:

 Your Spells              Type           Power        Failure   Level  Hunger
a - Corona                Hex            ##.....      6%          1    #......
b - Dazzling Spray        Conj/Hex       #.......     34%         3    ###....
c - Confuse               Hex            ##......     17%         3    ###....


Dungeon Overview and Level Annotations

Branches:
Dungeon (3/15)

Altars:
Elyvilon
Nemelex Xobeh
Okawaru


Innate Abilities, Weirdness & Mutations

You cannot wear boots.
You can spit poison.
Your serpentine skin is tough (AC +1).
You have supernaturally acute eyesight.
Armour fits poorly on your strangely shaped body.
Your system is resistant to poisons.
You cover ground very slowly.


Message History

Confirm with . or Enter, or press ? or * to list all spells.
Aiming: Confuse
Press: ? - help, Shift-Dir - straight line, f/p - orc priest
Aim: an orc priest, wielding a mace and wearing a leather armour The orc priest resists.
Casting: Confuse
Confirm with . or Enter, or press ? or * to list all spells.
Okay, then.
A rat comes into view.
The orc priest looks braver.
The orc priest mumbles some strange prayers to Beogh against you.
Something smites you!
The orc priest mumbles some strange prayers to Beogh against you.
Something smites you!
* * * LOW HITPOINT WARNING * * *
The orc hits you but does no damage.
There is a stone staircase leading up here.
The orc priest mumbles some strange prayers to Beogh against you.
Something smites you!
You die...

#############....
#########.o....o@.....#
..................###.#
#...#####.........#
#...# ####......##..###
#o..# #.)...........
#...# #......##.....
#.oo# #......##....
#...# #.>.......#.#
#.r.# #...........


You could see an orc priest and an orc.

Vanquished Creatures
  An orc wizard (D:3)
  A worm (D:2)
  8 giant geckos
  An ooze (D:2)
  An orc (D:2)
  A ball python (D:1)
  8 bats
  4 giant cockroaches
  9 hobgoblins
  3 kobolds
  A quokka (D:2)
  4 giant newts
  2 goblins
  12 jackals
  2 rats (D:1)
58 creatures vanquished.

Vanquished Creatures (others)
  A giant gecko (D:1)
1 creature vanquished.

Grand Total: 59 creatures vanquished

Notes
Turn   | Place    | Note
--------------------------------------------------------------
     0 | D:1      | Kashira, the Naga Enchanter, began the quest for the Orb.
     0 | D:1      | Reached XP level 1. HP: 15/15 MP: 3/3
   128 | D:1      | Reached XP level 2. HP: 10/22 MP: 2/4
   343 | D:1      | Found a sparkling altar of Nemelex Xobeh.
   695 | D:1      | Reached XP level 3. HP: 28/28 MP: 6/6
   700 | D:1      | Learned a level 3 spell: Dazzling Spray
  1409 | D:2      | Reached XP level 4. HP: 36/36 MP: 4/8
  1436 | D:2      | Learned a level 3 spell: Confuse
  1750 | D:2      | Found a white marble altar of Elyvilon.
  1750 | D:2      | Found an iron altar of Okawaru.
  2229 | D:3      | Killed from afar by an orc priest

Action                   |  1- 3 |  4- 6 || total
-------------------------+-------+-------++-------
Melee: Dagger            |    17 |       ||    17
       Mace              |    17 |    19 ||    36
 Cast: Corona            |     6 |       ||     6
       Dazzling Spray    |     5 |    13 ||    18
       Confuse           |       |     5 ||     5
 Abil: Spit Poison       |    45 |    20 ||    65
  Eat: Chunk             |     5 |     3 ||     8
       Meat ration       |       |     1 ||     1
